 Dungeon Crawl Stone Soup version 0.29.1-12-g30fa7ad0bf (webtiles) character file.

Game seed: 12101528428843728790

455 wormed the Chopper (level 6, -8/52 HPs)
             Began as a Minotaur Gladiator on Dec 25, 2022.
             Mangled by Prince Ribbit (12 damage)
             ... on level 5 of the Dungeon.
             The game lasted 00:05:40 (5045 turns).

wormed the Chopper (Minotaur Gladiator)             Turns: 5045, Time: 00:05:41

Health: -8/52      AC: 11    Str: 21      XL:     6   Next: 76%
Magic:  5/5        EV:  8    Int:  5      God:
Gold:   268        SH:  0    Dex:  5 (11) Spells: 5/5 levels left

rFire   . . .      SeeInvis .   a - +0 war axe
rCold   + . .      Faith    .   (no shield)
rNeg    . . .      Spirit   .   D - +2 chain mail {rPois}
rPois   +          Reflect  .   c - +0 hat
rElec   .          Harm     .   (no cloak)
rCorr   .          Rampage  .   (no gloves)
Will    .....                   (no boots)
Stlth   ..........              (no amulet)
HPRegen 0.17/turn               w - ring of protection from cold
MPRegen 0.09/turn               y - ring of poison resistance

@: no status effects
A: horns 2, retaliatory headbutt
a: no special abilities


You were on level 5 of the Dungeon.
You visited 1 branch of the dungeon, and saw 5 of its levels.

You collected 268 gold pieces.

Inventory:

Hand Weapons
 a - a +0 war axe (weapon)
Missiles
 d - 3 throwing nets (quivered)
 e - 3 javelins
Armour
 c - a +0 hat (worn)
 D - a +2 chain mail of poison resistance (worn)
Jewellery
 b - a +6 ring of intelligence
 s - a ring of magical power
 w - a ring of protection from cold (left hand)
 y - a ring of poison resistance (right hand)
Wands
 B - a wand of roots (5)
Scrolls
 j - a scroll of fear {unknown}
 k - a scroll of enchant armour {unknown}
 l - 2 scrolls of vulnerability {unknown}
 n - a scroll of summoning {unknown}
 p - 2 scrolls of immolation {unknown}
 q - 2 scrolls of poison {unknown}
 r - 3 scrolls of teleportation {unknown}
 t - a scroll of fog {unknown}
 C - a scroll of noise {unknown}
Potions
 g - 4 potions of curing
 h - 2 potions of mutation
 i - a potion of haste
 m - a potion of cancellation
 o - a potion of invisibility {unknown}
 u - a potion of brilliance {unknown}
 v - 2 potions of lignification {unknown}
 x - a potion of heal wounds
 z - 2 potions of degeneration {unknown}
 A - a potion of flight {unknown}


   Skills:
 + Level 4.2 Fighting
 * Level 6.1 Axes
 - Level 2.0 Throwing
 + Level 3.0 Armour
 + Level 4.5 Dodging
 + Level 3.1 Shields


You had 5 spell levels left.
You didn't know any spells.
Your spell library contained the following spells:

 Spells                   Type           Power      Damage    Failure   Level
 Blink                    Tloc           0%         N/A       100%        2
 Gell's Gravitas          Tloc           0%         N/A       100%        3
 Lesser Beckoning         Tloc           0%         N/A       100%        3
 Teleport Other           Tloc           0%         N/A       100%        3
 Manifold Assault         Tloc           0%         N/A       100%        5
 Storm Form               Tmut/Air       0%         N/A       100%        7


Dungeon Overview and Level Annotations

Branches:
Dungeon (5/15)
 Temple: D:4-7

Altars:
Cheibriados
Dithmenos
Uskayaw

Shops:
D:4 *

Annotations:
D:5 Prince Ribbit


Innate Abilities, Weirdness & Mutations

You have a pair of horns on your head.
You reflexively headbutt those who attack you in melee.


Message History

You barely miss Prince Ribbit. Your headbutt misses Prince Ribbit.
Prince Ribbit is severely wounded.
Prince Ribbit completely misses you.
Prince Ribbit hits you but does no damage.
You miss Prince Ribbit. Your headbutt misses Prince Ribbit.
Prince Ribbit is severely wounded.
Prince Ribbit blinks!
Unknown command.
Prince Ribbit is nearby!
Prince Ribbit blinks!
Prince Ribbit is nearby!
Prince Ribbit is nearby!
You barely miss Prince Ribbit. Your headbutt misses Prince Ribbit.
Prince Ribbit is severely wounded.
Prince Ribbit hits you but does no damage. x2
You closely miss Prince Ribbit.
Prince Ribbit is severely wounded.
Prince Ribbit hits you.
Prince Ribbit blinks!
Prince Ribbit is nearby!
Prince Ribbit hits you!
You closely miss Prince Ribbit. You headbutt Prince Ribbit!
Prince Ribbit is almost dead.
Prince Ribbit hits you but does no damage.
You closely miss Prince Ribbit. Your headbutt misses Prince Ribbit.
Prince Ribbit is almost dead.
Prince Ribbit blinks! x2
Prince Ribbit blinks!
Prince Ribbit asks, "Just a little smooch?"
You barely miss Prince Ribbit. Your headbutt misses Prince Ribbit.
Prince Ribbit is almost dead.
Prince Ribbit hits you but does no damage. x2
You barely miss Prince Ribbit.
Prince Ribbit is almost dead.
Prince Ribbit hits you! Prince Ribbit hits you.
You closely miss Prince Ribbit.
Prince Ribbit is almost dead.
Prince Ribbit hits you!
* * * LOW HITPOINT WARNING * * *
Prince Ribbit hits you!
You die...

########.##
#.#
#.........#
#.#
#.#.####..#
#.#.# #..#
#.#.####..#
#.#.(..#..#
#.####.#..#
#.####.##.#
#......F@.#
######.##.#
. #.##.# ...
#.##.#
.....##F##.#
.>.......#.#
....#.#..#.#
.. ...#..#.#
.... #..#


You could see Prince Ribbit.

Vanquished Creatures
  A scorpion (D:3)
  A quasit (D:4)
  A hound (D:4)
  An orc priest (D:5)
  4 iguanas
  2 orc wizards
  4 adders
  2 shadow imps (D:4)
  2 ufetubi (D:4)
  A worm (D:3)
  2 dart slugs
  9 orcs
  7 ball pythons
  6 endoplasms
  2 giant cockroaches
  12 goblins
  6 hobgoblins
  2 jackals (D:1)
  2 quokkas
  3 bats
  3 frilled lizards
  4 kobolds
  4 rats
81 creatures vanquished.

Notes
Turn   | Place    | Note
-------+----------+-------------------------------------------
     0 | D:1      | wormed the Minotaur Gladiator began the quest for the Orb.
     0 | D:1      | Reached XP level 1. HP: 18/18 MP: 0/0
   439 | D:1      | Reached XP level 2. HP: 25/25 MP: 1/1
   602 | D:1      | Reached skill level 4 in Axes
   658 | D:1      | Reached skill level 1 in Armour
   664 | D:1      | Reached skill level 1 in Shields
  1296 | D:2      | Reached XP level 3. HP: 29/30 MP: 2/2
  1798 | D:2      | Found a faded altar of an unknown god.
  1810 | D:2      | Identified the +6 dagger of Hatred {protect, rF- Int+3}
  2576 | D:3      | You fall into a shaft and drop 1 floor!
  2615 | D:3      | Noticed a scorpion
  2624 | D:3      | Killed a scorpion
  2625 | D:3      | Reached XP level 4. HP: 15/38 MP: 3/3
  3471 | D:4      | Reached XP level 5. HP: 41/45 MP: 4/4
  3482 | D:4      | Reached skill level 5 in Axes
  3901 | D:4      | Found a snail-covered altar of Cheibriados.
  4111 | D:4      | Reached XP level 6. HP: 47/52 MP: 5/5
  4190 | D:4      | Found a shadowy altar of Dithmenos.
  4222 | D:4      | Found a hide-covered altar of Uskayaw.
  4247 | D:4      | Found Zecap's Neck Hole.
  4654 | D:5      | Entered Level 5 of the Dungeon
  4921 | D:5      | Reached skill level 6 in Axes
  5002 | D:5      | Noticed Prince Ribbit
  5045 | D:5      | Mangled by Prince Ribbit

Illustrated notes

Levels and vault maps discovered:
D:1:      dpeg_arrival_pond, layout_loops_corners,
          hangedman_abyss_or_decor_lesser_grid, minmay_pentomino_z4
D:2:      layout_basic, shapermc_ecumenical_altar_mp_ritualfount,
          grunt_decor_cap
D:3:      layout_loops_ring, gup_sewer_entry_bubbles
D:4:      nicolae_BIG_FREAKIN_CUBE, layout_gridville,
          nicolae_dithmenos_through_a_glass_darkly,
          mainiacjoe_overflow_alcove_2, kennysheep_mini, serial_demonic,
          serial_demonic_a, serial_demonic_e, serial_demonic_b,
          serial_demonic_e, nicolae_shop_sticking_my_neck_out
D:5:      layout_loops_ring, grunt_ministairs_3, uniq_prince_ribbit1

Skill      XL: |  1  2  3  4  5  6 |
---------------+-------------------+-----
Axes           | 4 5 6 |  6.1
Armour         | 1 2 3 |  3.0
Shields        | 1 2 3 |  3.1
Fighting       | 3 4 |  4.2
Dodging        | 4 |  4.5
Throwing       | |  2.0

Action                   |  1- 3 |  4- 6 || total
-------------------------+-------+-------++-------
Melee: War axe           |    82 |   132 ||   214
       Headbutt          |     5 |    14 ||    19
       Punch             |     1 |     2 ||     3
  Use: Scroll            |       |     5 ||     5
Armor: Leather armour    |    27 |    33 ||    60
       Chain mail        |       |    10 ||    10
Dodge: Dodged            |    56 |   117 ||   173
